 Dungeon Sprint DCSS version 0.27-a0-1139-g28e009f8a6 (webtiles) character file.

Game seed: 7596077945362770243

2130 Zeld the Destroyer (level 9, -9/63 HPs)
             Began as an Octopode Conjurer on May 7, 2021.
             Was a Priest of Sif Muna.
             Shot with an arrow by a centaur (10 damage)
             ... in the Dungeon (Sprint III: "The Ten Rune Challenge").
             The game lasted 00:04:29 (1779 turns).

Zeld the Destroyer (Octopode Conjurer)              Turns: 1779, Time: 00:04:29

Health: -9/63      AC:  1    Str:  6    XL:     9   Next: 30%
Magic:  9/19       EV: 15    Int: 23    God:    Sif Muna [***...]
Gold:   20         SH:  0    Dex: 11    Spells: 10/21 levels left

rFire    . . .     SeeInvis .   (no weapon)
rCold    . . .     Faith    .   (no shield)
rNeg     . . .     Spirit   .   (helmet restricted)
rPois    .         Reflect  .   (no amulet)
rElec    .         Harm     .   (no ring)
rCorr    .         Rampage  .   (no ring)
Will     .....     NoTele   +   (no ring)
Stlth    +++.......             (no ring)
HPRegen  0.20/turn              (no ring)
MPRegen  0.16/turn              (no ring)
                                (no ring)
                                (no ring)

@: no status effects
A: almost no armour, amphibious, 8 rings, camouflage 1, gelatinous body 1,
(nimble swimmer 1), tentacles
a: Renounce Religion, Channel Magic, Forget Spell


You were in the Dungeon.
You worshipped Sif Muna.
Sif Muna was most pleased with you.
You visited 1 branch You collected 20 gold pieces.

Inventory:

Wands
 l - a wand of flame (7)
Scrolls
 a - a scroll of vulnerability {unknown}
 f - a scroll of immolation {unknown}
 g - a scroll of blinking
 h - 2 scrolls of identify
 i - a scroll of torment {unknown}
 j - a scroll of summoning {unknown}
Potions
 b - 2 potions of curing
 d - a potion of haste
 e - 4 potions of magic
 k - a potion of flight {unknown}
 n - a potion of might
 o - a potion of berserk rage
Miscellaneous
 m - a tin of tremorstones (2/2)


   Skills:
 + Level 6.8 Fighting
 + Level 7.2 Dodging
 - Level 2.6 Stealth
 + Level 6.6 Spellcasting
 * Level 10.5 Conjurations
 - Level 8.0 Hexes
 - Level 8.0 Translocations
 * Level 8.7 Invocations


You had 10 spell levels left.
You knew the following spells:

 Your Spells              Type           Power      Damage    Failure   Level
a - Magic Dart            Conj           100%       1d8       1%          1
b - Searing Ray           Conj           100%       3d7       1%          2
c - Fulminant Prism       Conj/Hex       25%        3d14      1%          4
d - Iskenderun's Mystic   Conj/Tloc      50%        2d11      1%          4

Your spell library contained the following spells:

 Spells                   Type           Power      Damage    Failure   Level
 Apportation              Tloc           88%        N/A       1%          1
 Corona                   Hex            48%        N/A       1%          1
 Dazzling Flash           Conj/Hex       100%       N/A       1%          3
 Animate Skeleton         Necr           14%        N/A       8%          1
 Pain                     Necr           28%        1d5       8%          1
 Summon Small Mammal      Summ           28%        N/A       8%          1
 Vampiric Draining        Necr           3%         2d6       24%         3
 Animate Dead             Necr           3%         N/A       61%         4
 Agony                    Necr           7%         N/A       91%         5


Dungeon Overview and Level Annotations

Branches:
Dungeon (1/1)

Altars:
Cheibriados
Dithmenos
Elyvilon
Fedhas
Gozag
Hepliaklqana
Kikubaaqudgha
Makhleb
Nemelex Xobeh
Okawaru
Qazlal
Ru
Sif Muna
Trog
Uskayaw
Vehumet
Wu Jian
Xom
Yredelemnul
Zin
The Shining One
Beogh
Jiyva
Lugonu


Innate Abilities, Weirdness & Mutations

You cannot wear most types of armour.
You are amphibious.
You can wear up to eight rings at the same time.
Your skin changes colour to match your surroundings (Stealth+).
Your rubbery body absorbs attacks. (AC +1, EV +1)
((You are camouflaged near water. (Stealth+)))
You have tentacles for arms and can constrict up to eight enemies at once.


Message History

The centaur warrior wields a +0 shortbow.
The centaur warrior shoots an arrow.
The arrow hits you!!
The centaur shoots an arrow.
The arrow misses you.
The searing ray misses the centaur warrior.
The searing ray hits the centaur!
You kill the centaur!
Sif Muna accepts your kill.
The centaur warrior shoots an arrow.
The arrow barely misses you.
Casting: Searing Ray (safe; 1% risk of failure)
Confirm with . or Enter, or press ? or * to list all spells.
You erupt in a blast of force!
The mystic blast hits the centaur warrior!
The centaur warrior is moderately wounded.
The centaur warrior is knocked back by the mystic blast.
The centaur warrior slams into the stone wall!
The mystic blast hits the centaur!
The centaur is heavily wounded.
The centaur is knocked back by the mystic blast.
The centaur shoots an arrow.
The arrow hits you!
* * * LOW HITPOINT WARNING * * *
Unknown command.
Casting: Iskenderun's Mystic Blast (dangerous; 1% risk of failure)
Confirm with . or Enter, or press ? or * to list all spells.
Aiming: Searing Ray (safe; 1% risk of failure)
Press: ? - help, Shift-Dir - straight line, p - centaur warrior The searing ray hits the centaur!
The centaur is almost dead.
The searing ray hits the centaur warrior!
The centaur warrior is heavily wounded. (Press . to maintain the ray.)
The centaur unwields a +0 shortbow.
The centaur hits you.
* * * LOW HITPOINT WARNING * * *
The centaur completely misses you.
You feel much better. The centaur misses you. The centaur kicks you.
The centaur warrior shoots an arrow.
The arrow hits you!!
* * * LOW HITPOINT WARNING * * *
Unknown command.
The centaur wields a +0 shortbow.
The centaur shoots an arrow.
The arrow hits you!
You die...

#__.#)_# #'###'##
.......# .......#
######'#
#__#...#+#############
#__#...#..≈§≈+.#c'.c.+
#__#...#.#)≈§#.#.#...#
#__#...'.#§§§#.#@#.cc#
#__'...#.#§§§#...#)..#
▓▓▓▓▓▓▓▓▓▓▓▓▓▓▓▓▓▓▓▓▓#


You could see a centaur.

Vanquished Creatures
  Josephine (D)
  A deep elf pyromancer (D)
  A shadow (D)
  A spatial vortex (D)
  A necrophage (D)
  A centaur (D)
  An earth elemental (D)
  A water elemental (D)
  A jelly (D)
  A necromancer (D)
  A wizard (D)
  3 humans (D)
  A kobold demonologist (D)
  A wolf (D)
  2 endoplasms (D)
  2 rats (D)
20 creatures vanquished.

Notes
Turn   | Place    | Note
-------+----------+-------------------------------------------
     0 | D        | Zeld the Octopode Conjurer began the quest for the Orb.
     0 | D        | Reached XP level 1. HP: 11/11 MP: 3/3
    87 | D        | Reached skill level 1 in Fighting
   263 | D        | Reached skill level 5 in Conjurations
   263 | D        | Reached XP level 2. HP: 19/19 MP: 0/5
   404 | D        | Learned a level 2 spell: Searing Ray
   407 | D        | Reached XP level 3. HP: 25/25 MP: 2/7
   507 | D        | Noticed a water elemental
   512 | D        | Killed a water elemental
   513 | D        | Reached skill level 6 in Conjurations
   513 | D        | Reached XP level 4. HP: 33/33 MP: 2/10
   518 | D        | Learned a level 4 spell: Fulminant Prism
   523 | D        | Learned a level 4 spell: Iskenderun's Mystic Blast
   616 | D        | Found a radiant altar of Vehumet.
   616 | D        | Found a shimmering blue altar of Sif Muna.
   616 | D        | Found an ancient bone altar of Kikubaaqudgha.
   616 | D        | Noticed a wizard
   620 | D        | Became a worshipper of Sif Muna the Loreminder
   626 | D        | Killed a wizard
   627 | D        | Reached XP level 5. HP: 19/37 MP: 7/11
   859 | D        | Found a basalt altar of Yredelemnul.
   859 | D        | Found a shadowy altar of Dithmenos.
   859 | D        | Found a sacrificial altar of Ru.
   859 | D        | Noticed a necrophage
   863 | D        | Reached * piety under Sif Muna
   865 | D        | Killed a necrophage
   866 | D        | Reached skill level 5 in Hexes
   866 | D        | Reached skill level 5 in Translocations
   866 | D        | Reached XP level 6. HP: 32/43 MP: 3/12
   946 | D        | Noticed a shadow
   951 | D        | Killed a shadow
   953 | D        | Reached ** piety under Sif Muna
   954 | D        | Reached skill level 7 in Conjurations
   954 | D        | Reached XP level 7. HP: 25/47 MP: 3/13
  1095 | D        | Found a blossoming altar of Fedhas.
  1095 | D        | Found a stormy altar of Qazlal.
  1095 | D        | Found a snail-covered altar of Cheibriados.
  1095 | D        | Found a burning altar of Makhleb.
  1095 | D        | Found a shimmering altar of Xom.
  1096 | D        | Found a hazy altar of Hepliaklqana.
  1096 | D        | Found an opulent altar of Gozag.
  1096 | D        | Found a sparkling altar of Nemelex Xobeh.
  1096 | D        | Found a corrupted altar of Lugonu.
  1096 | D        | Found a viscous altar of Jiyva.
  1096 | D        | Noticed a spatial vortex
  1104 | D        | Killed a spatial vortex
  1200 | D        | Found a hide-covered altar of Uskayaw.
  1200 | D        | Found an iron altar of Okawaru.
  1200 | D        | Found a bloodstained altar of Trog.
  1200 | D        | Found an ornate altar of the Wu Jian Council.
  1200 | D        | Noticed a human
  1202 | D        | Noticed a human
  1204 | D        | Killed a human
  1205 | D        | Reached skill level 5 in Dodging
  1205 | D        | Reached skill level 8 in Conjurations
  1205 | D        | Killed a human
  1206 | D        | Reached skill level 5 in Spellcasting
  1429 | D        | Found a glowing silver altar of Zin.
  1429 | D        | Found a glowing golden altar of the Shining One.
  1429 | D        | Found a white marble altar of Elyvilon.
  1429 | D        | Noticed a deep elf pyromancer
  1434 | D        | Killed a deep elf pyromancer
  1434 | D        | Reached *** piety under Sif Muna
  1435 | D        | Reached skill level 5 in Fighting
  1435 | D        | Reached skill level 9 in Conjurations
  1435 | D        | Reached XP level 8. HP: 44/56 MP: 7/16
  1493 | D        | Noticed Josephine
  1502 | D        | Killed Josephine
  1503 | D        | Reached skill level 10 in Conjurations
  1503 | D        | Reached XP level 9. HP: 30/63 MP: 6/18
  1771 | D        | Noticed a centaur warrior
  1778 | D        | HP: 1/63 [centaur warrior/arrow (24)]
  1779 | D        | Shot with an arrow by a centaur

Illustrated notes

Levels and vault maps discovered:
D:        dungeon_sprint_mu [sprint_mu_entry_cave, sprint_mu_temple_rooms,
          sprint_mu_d1_horrors, sprint_mu_d2_genie, sprint_mu_d3_branching,
          sprint_mu_orc_legion, sprint_mu_elf_gauntlet, sprint_mu_hive_nellie,
          sprint_mu_lair_fedhas, sprint_mu_vaults_butterflies,
          sprint_mu_slime_circle, sprint_mu_swamp_cave, sprint_mu_snake_twists,
          sprint_mu_blade_basic, sprint_mu_crypt_fortress,
          sprint_mu_tomb_spiral, sprint_mu_vestibule_basic,
          sprint_mu_gehenna_hellfire, sprint_mu_dis_giant,
          sprint_mu_tartarus_statrot, sprint_mu_cocytus_islands, sprint_mu_zot1]

Skill      XL: |  1  2  3  4  5  6  7  8 |
---------------+-------------------------+-----
Fighting       | 2 3 5 6 |  6.8
Dodging        | 3 4 6 7 |  7.2
Conjurations   | 5 6 7 9 10 | 10.5
Spellcasting   | 3 4 5 6 |  6.6
Hexes          | 2 5 8 |  8.0
Translocations | 2 5 8 |  8.0
Invocations    | 6 8 |  8.7
Stealth        | |  2.6

Action                   |  1- 3 |  4- 6 |  7- 9 || total
-------------------------+-------+-------+-------++-------
Melee: Unarmed           |     4 |       |       ||     4
       Tentacles         |     2 |       |       ||     2
       Constrict         |     1 |       |       ||     1
 Cast: Magic Dart        |     8 |       |       ||     8
       Searing Ray       |     2 |     5 |    14 ||    21
       Iskenderun's Myst |       |       |     8 ||     8
Invok: Channel Magic     |       |       |     2 ||     2
  Use: Potion            |     1 |       |     1 ||     2
Armor: Skin              |       |     1 |       ||     1
Dodge: Dodged            |     1 |     4 |     6 ||    11

Table legend: (Time is in decaauts)
 A = Elapsed time spent in this place.
 B = Non-inter-level travel time spent in this place.
 C = Inter-level travel time spent in this place.
 D = Time resting spent in this place.
 E = Time spent auto-exploring this place.
 F = Levels seen in this place.
 G = Mean time per level.
                   A        B        C        D        E       F      G
               +--------+--------+--------+--------+--------+-----+--------+
         Total |   1790 |   1775 |     15 |   1500 |      0 |   1 | 1790.0 |
       Dungeon |   1790 |   1775 |     15 |   1500 |      0 |   1 | 1790.0 |
               +--------+--------+--------+--------+--------+-----+--------+

Top non-repeatable levels by time:
       D: 1790 daAuts
